[Event "10th LCC FIDE Open 2018"]
[Site "London"]
[Date "2018.12.16"]
[Round "9"]
[White "Burrows, Martin P"]
[Black "Wu, Li"]
[Result "1/2-1/2"]
[ECO "B06"]
[WhiteElo "2134"]
[BlackElo "2317"]
[Annotator "NA"]
[PlyCount "73"]
[EventDate "2018.12.09"]
[EventType "swiss"]
[EventCountry "ENG"]
[SourceTitle "playchess.com"]
[Source "ChessBase"]
[SourceQuality "1"]
[TimeControl "40/5400+30:1800+30"]

1. e4 g6 2. d4 Bg7 3. Nc3 d6 4. Be3 Nd7 5. Qd2 a6 6. O-O-O b5 7. h4 h5 8. Nh3 Bb7 9. Ng5 Rc8 10. f4 Nh6 11. Bd3 c5 12. e5 cxd4 13. Bxd4 dxe5 14. fxe5 Nxe5 15. Ne6 fxe6 16. Bxe5 Bxe5 17. Bxg6+ Nf7 18. Qf2 O-O 19. Rxd8 Rcxd8 20. Qe2 Bf4+ 21. Kb1 Ne5 22. Qxh5 Nxg6 23. Qxg6+ Kh8 24. Ne4 Bxe4 25. Qxe4 e5 26. a3 Rg8 27. Qf3 Rg3 28. Qh5+ Kg7 29. Rf1 Rxg2 30. Rxf4 exf4 31. Qe5+ Kg8 32. Qxf4 Rd1+ 33. Ka2 Rdd2 34. Qb8+ Kf7 35. Qf4+ Kg8 36. Qb8+ Kf7 37. Qf4+ {[%emt 0:00:08] Rg7 [%emt 00:00:21]} 1/2-1/2

[Event "10th LCC FIDE Open 2018"]
[Site "London"]
[Date "2018.12.16"]
[Round "9"]
[White "Menzies, Colin"]
[Black "Merriman, John"]
[Result "1-0"]
[ECO "A13"]
[WhiteElo "2132"]
[BlackElo "2261"]
[Annotator "NA"]
[PlyCount "125"]
[EventDate "2018.12.09"]
[EventType "swiss"]
[EventCountry "ENG"]
[SourceTitle "playchess.com"]
[Source "ChessBase"]
[SourceQuality "1"]
[TimeControl "40/5400+30:1800+30"]

1. Nf3 d5 2. c4 e6 3. e3 Nf6 4. b3 Be7 5. Bb2 O-O 6. Be2 b6 7. O-O Bb7 8. Qc2 c5 9. cxd5 Nxd5 10. a3 Nd7 11. d3 Bf6 12. Nc3 Qe7 13. Rac1 Rac8 14. Rfd1 Rfd8 15. Nb5 Ba6 16. Nc3 Bb7 17. Nb5 a6 18. Nc3 b5 19. a4 b4 20. Nxd5 exd5 21. Nd2 d4 22. e4 g6 23. Bg4 h5 24. Bxd7 Qxd7 25. Rf1 h4 26. Rce1 Bg7 27. Nc4 Rc7 28. Bc1 Qe7 29. Bf4 Rcc8 30. Qc1 h3 31. g3 Qe6 32. Bg5 f6 33. Bh6 Bh8 34. f4 f5 35. Na5 Ba8 36. Qc4 Qxc4 37. Nxc4 fxe4 38. dxe4 d3 39. e5 Rd4 40. Nb6 Rb8 41. Nxa8 Rxa8 42. Kf2 d2 43. Rb1 Rad8 44. Rfd1 Kf7 45. Rb2 a5 46. Ke3 Rd3+ 47. Ke2 R8d4 48. Bg5 Bg7 49. Rdxd2 Rc3 50. Rxd4 cxd4 51. Bd8 Bf8 52. Bb6 Re3+ 53. Kd2 Re4 54. Kd3 Re1 55. Bxd4 Ke6 56. Be3 Kd5 57. Ba7 Rd1+ 58. Rd2 Rc1 59. Ke2+ Ke4 60. Rd4+ Kf5 61. Rc4 Rh1 62. Kf3 Rxh2 63. Rc6 1-0